 Dungeon Crawl Stone Soup version 0.31-a0-233-g139696dc86 (webtiles) character file.

Game seed: 16152577360176051874

60 qw the Shooter (level 3, 0/29 HPs)
             Began as a Minotaur Hexslinger on July 9, 2023.
             Slain by a gnoll
             ... wielding a +0 whip
              (3 damage)
             ... on level 4 of the Dungeon.
             The game lasted 00:00:43 (2573 turns).

qw the Shooter (Minotaur Hexslinger)                Turns: 2573, Time: 00:00:43

Health: 0/29       AC:  6    Str: 12    XL:     3   Next: 82%
Magic:  3/3        EV: 12    Int: 10    God:
Gold:   187        SH:  0    Dex: 17    Spells: 3/4 levels left

rFire   . . .        Y - +1 sling
rCold   + . .        (no shield)
rNeg    . . .        g - +3 leather armour "Rautrou" {rC+ Dex+3 Stlth+}
rPois   .            (helmet restricted)
rElec   .            (no cloak)
rCorr   .            (no gloves)
SInv    .            (no boots)
Will    .....        (no amulet)
Stlth   ++           (no ring)
HPRegen 0.24/turn    (no ring)
MPRegen 0.08/turn

%: no passive effects
@: about to teleport
A: horns 2, retaliatory headbutt
a: no special abilities


You were on level 4 of the Dungeon.
You visited 1 branch of the dungeon, and saw 4 of its levels.

You collected 217 gold pieces.
You spent 30 gold pieces at shops.


Innate Abilities, Weirdness & Mutations

You have a pair of horns on your head.
You reflexively headbutt those who attack you in melee.


   Skills:
 - Level 2.0 Fighting
 + Level 4.4 Ranged Weapons
 - Level 2.1 Dodging
 - Level 1.0 Spellcasting
 - Level 2.0 Hexes


You had 3 spell levels left.
You knew the following spells:

 Your Spells              Type           Power      Damage    Failure   Level
a - Slow                  Hex            16%        N/A       19%         1

Your spell library contained the following spells:

 Spells                   Type           Power      Damage    Failure   Level
 Inner Flame              Hex/Fire       2%         N/A       65%         3
 Portal Projectile        Hex/Tloc       4%         N/A       65%         3
 Cause Fear               Hex            2%         N/A       88%         4

Inventory:

Hand Weapons
 Y - a +1 sling (weapon)
Armour
 g - the +3 leather armour "Rautrou" (worn) {rC+ Dex+3 Stlth+}
   (You found it on level 2 of the Dungeon)

   Dex:       It affects your dexterity (+3).
   rC:        It protects you from cold.
   Stlth:     It makes you more stealthy.
Jewellery
 c - a ring of magical power
Scrolls
 i - a scroll of identify
Potions
 a - a potion of enlightenment
 b - a potion of brilliance {unknown}
 d - a potion of might {unknown}
 f - a potion of resistance {unknown}
 h - a potion of magic {unknown}
 l - a potion of invisibility {unknown}

Dungeon Overview and Level Annotations

Branches:
Dungeon (4/15)
 Temple: D:4-7

Altars:

Shops:
D:1 *   D:4 :


Message History

You shoot a sling bullet.
The sling bullet closely misses the gnoll.
The sling bullet completely misses the gnoll.
The gnoll hits you but does no damage. The gnoll barely misses you. x2
You shoot a sling bullet.
The sling bullet hits the gnoll but does no damage.
The gnoll is almost dead.
The gnoll hits you from afar with a +0 spear.
The gnoll hits you with a +0 whip. The gnoll closely misses you.
You shoot a sling bullet.
The sling bullet barely misses the gnoll.
The sling bullet hits the gnoll.
The gnoll is lightly wounded.
The gnoll hits you from afar with a +0 spear.
The gnoll hits you but does no damage. The gnoll hits you with a +0 whip.
The gnoll hits you from afar with a +0 spear.
The gnoll misses you. The gnoll barely misses you.
You shoot a sling bullet.
The sling bullet barely misses the gnoll.
The sling bullet hits the gnoll.
The gnoll is moderately wounded.
The gnoll closely misses you. The gnoll misses you.
The gnoll hits you but does no damage.
You shoot a sling bullet.
The sling bullet closely misses the gnoll.
The sling bullet barely misses the gnoll.
The sling bullet hits the iguana but does no damage.
The gnoll barely misses you. x2; The gnoll hits you with a +0 whip.
You shoot a sling bullet.
The sling bullet closely misses the gnoll.
The sling bullet hits the gnoll.
The gnoll is heavily wounded.
The gnoll closely misses you.
The gnoll hits you from afar with a +0 halberd.
The gnoll hits you with a +0 whip.
2573 ||| READING scroll of teleportation.
As you read the scroll of teleportation, it crumbles to dust.
You feel strangely unstable.
The gnoll barely misses you. x2; The gnoll hits you with a +0 whip.
You die...

## ##.# #...#..
#.#####....#
##.##....... . .
#.......# ..
....#.......# ...
#........%...# ....
.........#\..## .....
..........#...###g.....
#..............@ggl....
#......###.....###.....
#.....## #...### ...
.....# #..#.# . #...
#..###. ..## . ## .#


You could see an iguana and 3 gnolls.

Vanquished Creatures
  3 dart slugs (D:3)
  6 endoplasms
  2 giant cockroaches
  5 goblins
  5 hobgoblins
  3 jackals (D:4)
  2 quokkas (D:1)
  6 ball pythons
  7 bats
  A frilled lizard (D:1)
  4 kobolds (D:1)
  5 rats
49 creatures vanquished.

Notes
Turn   | Place    | Note
-------+----------+-------------------------------------------
     0 | D:1      | qw the Minotaur Hexslinger began the quest for the Orb.
     0 | D:1      | Reached XP level 1. HP: 16/16 MP: 1/1
     0 | D:1      | 0 ||| qw: Version: 0.3-a-51-g015441d
     0 | D:1      | 0 ||| qw: Game counter: 3841
     0 | D:1      | 0 ||| qw: Melee chars always use a shield: true
     0 | D:1      | 0 ||| qw: God list: Okawaru
     0 | D:1      | 0 ||| qw: Allow faded altars: false
     0 | D:1      | 0 ||| qw: Do Orc after clearing Dungeon:15 true
     0 | D:1      | 0 ||| qw: Do second Lair branch before Depths: true
     0 | D:1      | 0 ||| qw: Lair rune preference: random
     0 | D:1      | 0 ||| qw: Goals: Normal
     0 | D:1      | 0 ||| PLANNING D:1-11
   133 | D:1      | Found Jomig's General Store.
   149 | D:1      | 149 ||| BUYING scroll of teleportation (30 gold).
   149 | D:1      | Bought a scroll of teleportation for 30 gold pieces
   149 | D:1      | 149 ||| SHOPLISTING wand of digging (9) (378 gold, have 1).
   193 | D:1      | Reached skill level 3 in Ranged Weapons
   193 | D:1      | Reached XP level 2. HP: 23/23 MP: 2/2
   252 | D:1      | HP: 4/23 [quokka (3)]
   253 | D:1      | 253 ||| READING scroll of teleportation.
   676 | D:1      | 676 ||| READING scroll labelled OLLY CEJ NAPHA.
   677 | D:1      | 677 ||| READING scroll labelled DUATREPHEI.
   678 | D:1      | 678 ||| READING scroll labelled NEILIC UMAPY.
   679 | D:1      | 679 ||| READING scroll labelled PAMYNI BIWNO.
   680 | D:1      | 680 ||| DROPPING scroll of poison.
   761 | D:2      | Reached XP level 3. HP: 29/29 MP: 3/3
   981 | D:2      | Identified the +3 leather armour "Rautrou" {rC+ Dex+3
                  | Stlth+}
  1533 | D:2      | 1533 ||| UPGRADING to +0 leather armour.
  1543 | D:2      | 1543 ||| DROPPING +0 robe.
  1544 | D:2      | 1544 ||| UPGRADING to +0 ring mail.
  1554 | D:2      | 1554 ||| DROPPING +0 leather armour.
  1555 | D:2      | 1555 ||| UPGRADING to +3 leather armour "Rautrou" {rC+
                  | Dex+3 Stlth+}.
  1565 | D:2      | 1565 ||| DROPPING +0 ring mail.
  1566 | D:2      | 1566 ||| DRINKING 2 viscous red potions.
  1644 | D:3      | Reached skill level 4 in Ranged Weapons
  2382 | D:3      | 2382 ||| DROPPING scarf of shadows.
  2383 | D:3      | 2383 ||| DROPPING amulet of magic regeneration.
  2384 | D:3      | 2384 ||| READING scroll labelled WAKLYNK FOLEMA.
  2535 | D:4      | Found Lecucs's Book Boutique.
  2572 | D:4      | HP: 6/29 [gnoll/+0 halberd (2)]
  2573 | D:4      | 2573 ||| READING scroll of teleportation.
  2573 | D:4      | Slain by a gnoll

Levels and vault maps discovered:
D:1:      dpeg_arrival_refuge, layout_basic, serial_shops, shop,
          minmay_quantized
D:2:      layout_loops_corners
D:3:      layout_basic
D:4:      layout_layer_cave, nemelex_diamond_rough_becter,
          minmay_temple_entry_drinking_statues, serial_shops, shop,
          nicolae_shop_overcharged_wands

Skill      XL: |  1  2  3 |
---------------+----------+-----
Ranged Weapons | 3 4 |  4.4
Fighting       | 2 |  2.0
Dodging        | |  2.1
Spellcasting   | |  1.0
Hexes          | |  2.0

Action                     || total
---------------------------++-------
   Fire: Sling             ||   125
    Use: Scroll            ||     7
         Potion            ||     1
 Armour: Robe              ||     7
         Leather armour    ||     4
  Dodge: Dodged            ||    48

Table legend:
 A = Non-vault XP
 B = Vault XP
 C = Vault XP percentage of total XP
 D = Non-vault monster count
 E = Vault monster count
 F = Vault count percentage of total count
                 A         B        C        D         E       F
            +---------+---------+-------+---------+---------+-------
      Total |      78 |       9 |  10.3 |      43 |       6 |  12.2
            +---------+---------+-------+---------+---------+-------
        D:1 |      28 |       9 |  24.3 |      18 |       6 |  25.0
        D:2 |      22 |       0 |   0.0 |      13 |       0 |   0.0
        D:3 |      20 |       0 |   0.0 |       8 |       0 |   0.0
        D:4 |       8 |       0 |   0.0 |       4 |       0 |   0.0
            +---------+---------+-------+---------+---------+-------
